 Dungeon Crawl Stone Soup version 0.32-a0-128-g77eb882913 (webtiles) character file.

Game seed: 17702065934480088619

13106 pokeman the Eclecticist (level 11, 0/62 HPs)
             Began as a Deep Elf Hedge Wizard on Feb 7, 2024.
             Was a Priest of Vehumet.
             Slain by a vampire mosquito (6 damage)
             ... on level 13 of the Dungeon.
             The game lasted 00:31:40 (13524 turns).

pokeman the Eclecticist (Deep Elf Hedge Wizard)    Turns: 13524, Time: 00:31:41

Health: 0/62       AC: 14    Str: 13    XL:     11   Next: 71%
Magic:  17/33      EV: 18    Int: 24    God:    Vehumet [***...]
Gold:   576        SH:  0    Dex: 14    Spells: 33/42 levels left

rFire   x x .        P - +2 hand axe (venom)
rCold   x x .        (no shield)
rNeg    . . .        b - +0 robe
rPois   +            c - +0 hat
rElec   .            O - +2 cloak
rCorr   .            M - +0 pair of gloves
SInv    .            (no boots)
Will    +....        z - amulet of Elemental Vulnerability {rPois rF-- rC-- AC+8}
Stlth   ++           i - +6 ring of strength
HPRegen 0.30/turn    n - +5 ring of evasion
MPRegen 0.23/turn

%: no passive effects
@: no status effects
A: no striking features
a: Renounce Religion


You were on level 13 of the Dungeon.
You worshipped Vehumet.
Vehumet was most pleased with you.
You visited 2 branches of the dungeon, and saw 15 of its levels.

You collected 576 gold pieces.

Inventory:

Hand Weapons
 P - a +2 hand axe of venom (weapon)
Missiles
 y - 2 throwing nets
Armour
 b - a +0 robe (worn)
 c - a +0 hat (worn)
 M - a +0 pair of gloves (worn)
 O - a +2 cloak (worn)
 Q - +0 acid dragon scales
Magical Staves
 G - a staff of alchemy
Jewellery
 f - an amulet of guardian spirit
 i - a +6 ring of strength (left hand)
 n - a +5 ring of evasion (right hand)
 q - a +6 ring of strength
 w - a +6 ring of strength
 z - the amulet of Elemental Vulnerability (around neck) {rPois rF-- rC-- AC+8}
   (You took it off a gnoll on level 5 of the Dungeon)

   [amulet of nothing]

   AC+8:      It affects your AC (+8).
   rF--:      It makes you very vulnerable to fire.
   rC--:      It makes you very vulnerable to cold.
   rPois:     It protects you from poison
Wands
 B - a wand of iceblast (9)
 C - a wand of quicksilver (14)
 I - a wand of digging (14)
 K - a wand of mindburst (22)
Scrolls
 g - 9 scrolls of identify {unknown}
 h - 7 scrolls of enchant armour {unknown}
 m - 4 scrolls of poison {unknown}
 o - 3 scrolls of enchant weapon {unknown}
 p - 2 scrolls of immolation {unknown}
 r - 2 scrolls of blinking {unknown}
 s - 2 scrolls of teleportation {unknown}
 u - 2 scrolls of noise {unknown}
 v - 2 scrolls of fear {unknown}
 x - 3 scrolls of vulnerability {unknown}
 A - a scroll of fog {unknown}
 D - a scroll of acquirement {unknown}
 E - a scroll of summoning {unknown}
 H - 3 scrolls of revelation {unknown}
 N - a scroll of brand weapon {unknown}
 T - a scroll of amnesia {unknown}
Potions
 a - 6 potions of curing
 d - a potion of magic
 e - 3 potions of mutation {unknown}
 j - 4 potions of heal wounds {unknown}
 k - 4 potions of lignification {unknown}
 l - a potion of might {unknown}
 t - a potion of invisibility {unknown}
 F - 2 potions of attraction {unknown}
 J - a potion of resistance {unknown}
 L - 2 potions of degeneration {unknown}
 R - a potion of cancellation {unknown}
 S - 3 potions of brilliance {unknown}


   Skills:
 + Level 4.8 Fighting
 - Level 5.0 Armour
 - Level 3.0 Dodging
 - Level 3.1 Stealth
 * Level 16.2 Spellcasting
 + Level 9.6 Conjurations
 - Level 1.1 Summonings
 - Level 1.1 Translocations
 + Level 7.7 Fire Magic
 - Level 1.0 Air Magic
 - Level 1.0 Alchemy
 - Level 1.3 Evocations


You had 33 spell levels left.
You knew the following spells:

 Your Spells              Type           Power      Damage    Failure   Level
a - Magic Dart            Conj           100%       1d8       1%          1
b - Mephitic Cloud        Conj/Alch/Air  38%        N/A       1%          3
c - Call Imp              Summ           48%        N/A       2%          2
d - Blink                 Tloc           48%        N/A       2%          2
e - Foxfire               Conj/Fire      100%       2x1d9     1%          1

Your spell library contained the following spells:

 Spells                   Type           Power      Damage    Failure   Level
 Mercury Vapours          Alch/Air       48%        N/A       1%          2
 Shock                    Conj/Air       100%       1d9       1%          1
 Necrotise                Necr           76%        1d7       2%          1
 Slow                     Hex            76%        N/A       2%          1
 Lesser Beckoning         Tloc           48%        N/A       2%          2
 Cigotuvi's Dreadful Rot  Necr/Alch/Air  44%        N/A       3%          2
 Sublimation of Blood     Necr           19%        N/A       4%          2
 Gell's Gravitas          Tloc           24%        N/A       5%          3
 Teleport Other           Tloc           24%        N/A       5%          3
 Confusing Touch          Hex            19%        N/A       9%          3
 Ozocubu's Armour         Ice            19%        N/A       9%          3
 Sigil of Binding         Hex            19%        N/A       9%          3
 Vampiric Draining        Necr           19%        2d7       9%          3
 Manifold Assault         Tloc           24%        N/A       19%         4
 Passage of Golubria      Tloc           24%        N/A       19%         4
 Silence                  Hex/Air        10%        N/A       54%         5
 Metabolic Englaciation   Hex/Ice        9%         N/A       61%         5
 Dispersal                Tloc           12%        N/A       95%         6
 Sculpt Simulacrum        Ice/Alch       10%        N/A       98%         6
 Lehudib's Crystal Spear  Conj/Erth      21%        10d6      99%         8
 Summon Hydra             Summ           12%        N/A       100%        7
 Disjunction              Tloc           12%        N/A       100%        8


Dungeon Overview and Level Annotations

Branches:
Dungeon (14/15)            Temple (1/1) D:6            Lair (0/5) D:9
    Orc (0/2) D:10
 Vaults: D:13-14

Altars:
Ashenzari
Cheibriados
Dithmenos
Elyvilon
Fedhas
Gozag
Hepliaklqana
Kikubaaqudgha
Makhleb
Nemelex Xobeh
Okawaru
Qazlal
Ru
Sif Muna
Trog
Uskayaw
Vehumet
Wu Jian
Xom
Yredelemnul
Zin
The Shining One

Shops:
D:3 (

Annotations:
D:4 exclusion: door, Edmund
D:11 Gastronok


Message History

You conjure some foxfire!
The vampire mosquito bites you but does no damage.
The foxfire hits the vampire mosquito.
The vampire mosquito is heavily damaged.
The vampire mosquito bites you but does no damage.
You barely miss the vampire mosquito.
The vampire mosquito is severely damaged.
You hit the vampire mosquito. You miss the vampire mosquito.
The foxfire hits the vampire mosquito.
The vampire mosquito is almost destroyed.
The vampire mosquito barely misses you. The vampire mosquito bites you.
* * * LOW HITPOINT WARNING * * *
The vampire mosquito draws strength from your injuries!
The vampire mosquito bites you but does no damage.
The vampire mosquito barely misses you.
The vampire mosquito bites you but does no damage.
The vampire mosquito closely misses you.
Unknown command.
Casting: Foxfire (safe; 1% risk of failure)
Confirm with . or Enter, or press ? or * to list all spells.
You conjure some foxfire!
The vampire mosquito barely misses you. The vampire mosquito bites you.
* * * LOW HITPOINT WARNING * * *
The vampire mosquito draws strength from your injuries!
The vampire mosquito misses you. x2
The vampire mosquito closely misses you.
The vampire mosquito barely misses you.
You barely miss the vampire mosquito.
The vampire mosquito is almost destroyed.
You barely miss the vampire mosquito.
You hit the vampire mosquito but do no damage.
The foxfire hits the vampire mosquito!
You destroy the vampire mosquito!
Vehumet accepts your kill.
You feel your power returning.
The foxfire hits the vampire mosquito!
The vampire mosquito is almost destroyed.
The vampire mosquito barely misses you. x2
The vampire mosquito closely misses you.
The vampire mosquito bites you.
You die...

...........######
.......$...#....#
####+####.....#....#
#......)......#....#
#.....).......#....#
#..(....#######....##
#.......#............
####y####............
#..y@†...............
#....................
#.......#######....##
#.......+.....#....#.
####+####.....'....+.
#.....#....#.
#.....#....#.
#########'###
...........#


You could see 2 vampire mosquitoes.

Vanquished Creatures
  3 centaur warriors (D:13)
  4 two-headed ogres
  A deep elf pyromancer (D:12)
  2 ugly things
  2 cyclopes (D:11)
  A manticore (D:11)
  A gargoyle (D:13)
  2 unseen horrors
  2 trolls (D:12)
  A wraith (D:11)
  A basilisk (D:14)
  4 yaks (D:10)
  6 wyverns
  6 vampire mosquitoes
  3 acid dragons
  An ice beast (D:8)
  An orc warrior (D:8)
  A black bear (D:6)
  A sky beast (D:6)
  3 centaurs
  4 kobold brigands
  6 bullfrogs
  2 scorpions
  3 wights (D:9)
  6 howler monkeys
  4 jellies
  4 hounds
  6 orc priests
  2 sleepcaps
  7 orc wizards
  3 iguanas
  4 gnolls
  9 adders
  4 white imps
  4 ufetubi
  2 dart slugs
  29 orcs
  6 bats
  5 endoplasms
  4 giant cockroaches
  3 goblins
  5 hobgoblins
  12 jackals
  28 kobolds
  3 quokkas
  8 ball pythons
  3 frilled lizards
  8 rats
  A foxfire (D:11)
231 creatures vanquished.

Vanquished Creatures (collateral kills)
  An ice beast (D:7)
1 creature vanquished.

Vanquished Creatures (others)
  358 foxfires
358 creatures vanquished.

Grand Total: 590 creatures vanquished

Notes
Turn   | Place    | Note
-------+----------+-------------------------------------------
     0 | D:1      | pokeman the Deep Elf Hedge Wizard began the quest for the
                  | Orb.
     0 | D:1      | Reached XP level 1. HP: 10/10 MP: 7/7
   199 | D:1      | Reached XP level 2. HP: 16/16 MP: 4/9
   927 | D:1      | Reached skill level 5 in Spellcasting
  1077 | D:1      | Reached XP level 3. HP: 20/20 MP: 7/11
  1081 | D:1      | Learned a level 3 spell: Mephitic Cloud
  1084 | D:1      | Learned a level 2 spell: Call Imp
  1087 | D:1      | Learned a level 2 spell: Blink
  1297 | D:2      | Reached skill level 1 in Fighting
  1297 | D:2      | Reached skill level 1 in Armour
  1902 | D:2      | Reached XP level 4. HP: 21/25 MP: 5/13
  2122 | D:2      | Found a faded altar of an unknown god.
  2776 | D:3      | Reached skill level 6 in Spellcasting
  2776 | D:3      | Reached XP level 5. HP: 24/29 MP: 0/15
  3364 | D:3      | Found Ixiliapn's Weapon Emporium.
  3560 | D:3      | Found a shimmering blue altar of Sif Muna.
  3808 | D:4      | Reached skill level 1 in Air Magic
  3808 | D:4      | Reached skill level 1 in Alchemy
  3813 | D:4      | Reached XP level 6. HP: 22/34 MP: 13/17
  4112 | D:4      | Found a glowing silver altar of Zin.
  4238 | D:4      | Found a hazy altar of Hepliaklqana.
  4238 | D:4      | Noticed Edmund
  4253 | D:5      | Entered Level 5 of the Dungeon
  4262 | D:4      | Reached skill level 7 in Spellcasting
  4749 | D:5      | Reached XP level 7. HP: 30/40 MP: 14/20
  4838 | D:5      | Reached skill level 8 in Spellcasting
  5146 | D:6      | Found a staircase to the Ecumenical Temple.
  5153 | Temple   | Entered the Ecumenical Temple
  5161 | Temple   | Became a worshipper of Vehumet
  5203 | D:6      | Reached skill level 1 in Evocations
  5295 | D:6      | Found a stormy altar of Qazlal.
  5326 | D:6      | Reached skill level 9 in Spellcasting
  5606 | D:6      | Reached XP level 8. HP: 38/44 MP: 17/23
  5988 | D:7      | Reached skill level 5 in Conjurations
  6046 | D:7      | Found a blossoming altar of Fedhas.
  6283 | D:7      | Reached skill level 10 in Spellcasting
  7046 | D:3      | Got Sif Muna's Octavo of Austromancy
  7048 | D:3      | Got Sif Muna's Secrets of Sciomancy
  7051 | D:3      | Got Sif Muna's Spellbook of Damage
  7054 | D:3      | Learned a level 1 spell: Foxfire
  7164 | D:8      | Reached skill level 1 in Fire Magic
  7207 | D:8      | Reached * piety under Vehumet
  7207 | D:8      | Offered knowledge of Sting by Vehumet.
  7419 | D:8      | Reached skill level 11 in Spellcasting
  7524 | D:8      | Reached XP level 9. HP: 49/49 MP: 26/26
  8248 | D:8      | Found a sparkling altar of Nemelex Xobeh.
  8342 | D:8      | Reached ** piety under Vehumet
  8406 | D:9      | Offered knowledge of Momentum Strike by Vehumet.
  8560 | D:9      | Reached skill level 12 in Spellcasting
  8813 | D:9      | Found a staircase to the Lair.
  9234 | D:10     | Entered Level 10 of the Dungeon
  9377 | D:10     | Found a staircase to the Orcish Mines.
  9386 | D:10     | Noticed a two-headed ogre
  9398 | D:10     | Killed a two-headed ogre
  9537 | D:10     | Reached skill level 13 in Spellcasting
  9537 | D:10     | Reached XP level 10. HP: 36/56 MP: 19/29
  9705 | D:10     | Noticed a two-headed ogre
  9720 | D:10     | Killed a two-headed ogre
  9721 | D:10     | Reached skill level 5 in Fire Magic
 10031 | D:10     | Offered knowledge of Mercury Vapours by Vehumet.
 10041 | D:10     | Found a sacrificial altar of Ru.
 10241 | D:11     | Noticed Gastronok
 10791 | D:11     | Noticed a manticore
 10809 | D:11     | Reached skill level 14 in Spellcasting
 10859 | D:11     | Killed a manticore
 11049 | D:11     | Noticed a cyclops
 11070 | D:11     | Killed a cyclops
 11171 | D:11     | Noticed a two-headed ogre
 11184 | D:11     | Killed a two-headed ogre
 11268 | D:11     | Noticed a cyclops
 11283 | D:11     | Killed a cyclops
 11499 | D:11     | Noticed a two-headed ogre
 11520 | D:11     | Killed a two-headed ogre
 11521 | D:11     | Reached XP level 11. HP: 61/61 MP: 22/31
 11734 | D:12     | Noticed a deep elf pyromancer
 11791 | D:12     | Killed a deep elf pyromancer
 11792 | D:12     | Reached skill level 15 in Spellcasting
 11798 | D:12     | Noticed a red ugly thing
 11899 | D:11     | Killed a red ugly thing
 12018 | D:11     | Reached skill level 5 in Armour
 12391 | D:12     | Noticed a green ugly thing
 12404 | D:12     | Killed a green ugly thing
 13084 | D:13     | You fall into a shaft and drop 1 floor!
 13150 | D:14     | Noticed a boulder beetle
 13153 | D:14     | Noticed a white ugly thing
 13154 | D:14     | Noticed a white ugly thing
 13155 | D:14     | Noticed a white ugly thing
 13155 | D:14     | Noticed a white ugly thing
 13164 | D:14     | Noticed a white ugly thing
 13284 | D:13     | Noticed a centaur warrior
 13300 | D:13     | Killed a centaur warrior
 13476 | D:13     | Noticed a centaur warrior
 13476 | D:13     | Noticed a centaur warrior
 13490 | D:13     | Killed a centaur warrior
 13491 | D:13     | Reached skill level 16 in Spellcasting
 13497 | D:13     | Killed a centaur warrior
 13503 | D:13     | Reached *** piety under Vehumet
 13524 | D:13     | Slain by a vampire mosquito

Illustrated notes

Levels and vault maps discovered:
D:1:      minmay_arrival_solitary_statue, layout_loops_cross,
          serial_bayou_ford_a, chequers_serial_rivers_large_b,
          minmay_pentomino_r2
D:2:      layout_basic, chequers_ecumenical_altar_lobes,
          kennysheep_generic_room_6
D:3:      layout_loops_corners, nicolae_sif_muna_little_library, serial_shops,
          shop
D:4:      layout_rooms, worldfamousw_hep_ancestral_shrine, lemuel_doored_altar,
          uniq_edmund
D:5:      layout_rooms
D:6:      layout_loops_ring, nicolae_qazlal_general_emergency,
          minmay_temple_entry_gardened_gates
D:7:      layout_loops_ring, mainiacjoe_overflow_concentric_impassable
D:8:      layout_loops_ring, nemelex_spade_bored_becter
D:9:      layout_irregular_city, lair_entry_dummy
D:10:     layout_loops_corners, marbit_many_paths, orc_0_dummy
D:11:     layout_basic, minmay_misc_feat_tower, uniq_gastronok
D:12:     layout_basic
D:13:     layout_grid_maze, hellmonk_vaults_order_and_chaos
D:14:     layout_rooms, serial_corexii_hall, chequers_hall_statues_wall_a,
          corexii_hall_statues_s, minmay_puff
Temple:   nicolae_temple_bog_church

Skill      XL: |  1  2  3  4  5  6  7  8  9 10 11 |
---------------+----------------------------------+-----
Spellcasting   | 5 6 7 9 11 13 14 16 | 16.2
Fighting       | 1 2 4 |  4.8
Armour         | 1 2 3 4 5 |  5.0
Conjurations   | 2 3 4 6 7 8 9 |  9.6
Stealth        | 3 |  3.1
Dodging        | 3 |  3.0
Air Magic      | 1 |  1.0
Alchemy        | 1 |  1.0
Evocations     | 1 |  1.3
Fire Magic     | 2 4 6 7 |  7.7
Summonings     | |  1.1
Translocations | |  1.1

Action                     |  1- 3 |  4- 6 |  7- 9 | 10-12 || total
---------------------------+-------+-------+-------+-------++-------
  Melee: Dagger            |    30 |     9 |       |       ||    39
         Quarterstaff      |       |    16 |   120 |     3 ||   139
         Hand axe          |       |       |       |    67 ||    67
         Punch             |       |       |       |     8 ||     8
   Cast: Magic Dart        |   108 |   131 |   146 |    11 ||   396
         Mephitic Cloud    |       |     7 |    29 |    24 ||    60
         Call Imp          |       |     3 |     5 |     6 ||    14
         Foxfire           |       |       |    35 |   167 ||   202
         Blink             |       |       |     2 |     3 ||     5
  Evoke: Wand              |       |       |     3 |    12 ||    15
    Use: Potion            |       |       |       |     1 ||     1
   Stab: Confused          |       |     2 |     8 |    10 ||    20
         Sleeping          |       |     1 |       |       ||     1
 Armour: Robe              |    22 |    32 |    79 |   136 ||   269
  Dodge: Dodged            |    34 |    65 |   173 |   202 ||   474

Table legend: (Time is in decaauts)
 A = Elapsed time spent in this place.
 B = Non-inter-level travel time spent in this place.
 C = Inter-level travel time spent in this place.
 D = Time resting spent in this place.
 E = Time spent auto-exploring this place.
 F = Levels seen in this place.
 G = Mean time per level.
                   A        B        C        D        E       F      G
               +--------+--------+--------+--------+--------+-----+--------+
         Total |  13769 |  13052 |    717 |    365 |  10543 |  15 |  917.9 |
       Dungeon |  13752 |  13042 |    710 |    365 |  10543 |  14 |  982.3 |
        Temple |     16 |      9 |      7 |      0 |      0 |   1 |   16.0 |
               +--------+--------+--------+--------+--------+-----+--------+

Top non-repeatable levels by time:
    D:11: 1601 daAuts
     D:3: 1480 daAuts
     D:8: 1324 daAuts
     D:1: 1304 daAuts
    D:10: 1159 daAuts
    D:12: 1148 daAuts
     D:7: 1092 daAuts
     D:2: 1053 daAuts
     D:4: 861 daAuts
     D:9: 828 daAuts
     D:6: 774 daAuts
     D:5: 666 daAuts
    D:13: 355 daAuts
    D:14: 102 daAuts
  Temple: 16 daAuts
